 Dungeon Crawl Stone Soup version 0.31.0-11-ge490571c62 (webtiles) character file.

Game seed: 14944392011411276557

8807 ezpacito the Cutter (level 11, -11/83 HPs)
             Began as a Demonspawn Berserker on Jan 31, 2024.
             Was an Elder of Trog.
             Mangled by a red very ugly thing (14 damage)
             ... on level 9 of the Dungeon.
             The game lasted 00:15:05 (7365 turns).

ezpacito the Cutter (Demonspawn Berserker)          Turns: 7365, Time: 00:15:06

Health: -11/83     AC: 10    Str: 20 (21) XL:     11   Next: 14%
Magic:  9/11       EV: 18    Int:  1 (4)  God:    Trog [****..]
Gold:   486        SH:  5    Dex: 17 (20) Spells: 10/10 levels left

rFire   + . .        r - +5 short sword "Bole" {venom, rC+ rN+}
rCold   + + .        x - orb "Hosugih" {light, Regen+ Int-5 Fire Earth}
rNeg    + + .        A - +1 ring mail {rC+}
rPois   .            (no helmet)
rElec   .            t - +0 cloak
rCorr   .            W - +0 pair of gloves
SInv    .            (no boots)
Will    .....        Q - amulet of reflection
Stlth   ++           G - ring of Past Mistakes {Fly rF+ Str+4 Int+2 Stlth+}
HPRegen 1.13/turn    M - ring of positive energy
MPRegen 0.12/turn

%: reflection
@: agile, flying, glowing
A: hooves 2, powered by death 1, powered by pain 2, thin skeletal structure 1,
camouflage 1, deterioration 1, MP-powered wands
a: Renounce Religion, Berserk, Trog's Hand, Brothers in Arms


You were on level 9 of the Dungeon.
You worshipped Trog.
Trog was greatly pleased with you.
You visited 1 branch of the dungeon, and saw 9 of its levels.

You collected 486 gold pieces.

Inventory:

Hand Weapons
 b - a +0 heavy battleaxe
 f - a +1 sling of flaming
 r - the +5 short sword "Bole" (weapon) {venom, rC+ rN+}
   (You found it on level 2 of the Dungeon)

   rC+:       It protects you from cold.
   rN+:       It protects you from negative energy.
 s - a +4 quarterstaff of chaos
Missiles
 e - 97 stones (quivered)
 j - 29 poisoned darts
 y - 4 javelins
 D - 3 throwing nets
Armour
 t - a +0 cloak (worn)
 x - the orb "Hosugih" (worn) {light, Regen+ Int-5 Fire Earth}
   (You found it on level 3 of the Dungeon)

   Int-5:     It affects your intelligence (-5).
   Regen+:    It increases your rate of health regeneration.
   Fire:      It increases the power of your Fire spells.
   Earth:     It increases the power of your Earth spells.
 A - a +1 ring mail of cold resistance (worn)
 I - a +0 plate armour
 W - a +0 pair of gloves (worn)
Jewellery
 G - the ring of Past Mistakes (left hand) {Fly rF+ Str+4 Int+2 Stlth+}
   (You found it on level 5 of the Dungeon)

   [ring of flight]

   Str+4:     It affects your strength (+4).
   Int+2:     It affects your intelligence (+2).
   rF+:       It protects you from fire.
   Fly:       It grants you flight.
   Stlth+:    It makes you more stealthy.
 J - an amulet of magic regeneration
 M - a ring of positive energy (right hand)
 Q - an amulet of reflection (around neck)
 U - the ring of Qaitely {Wiz Slay+3 SInv}
   (You found it on level 7 of the Dungeon)

   [ring of wizardry]

   Wiz:       It improves your spell success rate.
   Slay+3:    It affects your accuracy & damage with ranged weapons and melee
   (+3).
   SInv:      It lets you see invisible.
Talismans
 m - a serpent talisman
 K - a beast talisman
 O - a serpent talisman
Wands
 a - a wand of charming (11)
 B - a wand of mindburst (17)
 L - a wand of polymorph (12)
 P - a wand of roots (10)
 S - a wand of flame (28)
 V - a wand of digging (6)
 Z - a wand of light (9)
Scrolls
 g - 3 scrolls of immolation
 i - 2 scrolls of enchant weapon
 p - a scroll of enchant armour
 q - 6 scrolls of teleportation
 v - 3 scrolls of vulnerability
 w - 3 scrolls of revelation
 R - a scroll of brand weapon
 X - 4 scrolls of summoning {unknown}
 Y - a scroll of torment {unknown}
Potions
 c - 2 potions of degeneration
 d - 5 potions of berserk rage
 h - 3 potions of mutation
 k - a potion of heal wounds
 l - 3 potions of curing
 n - a potion of enlightenment {unknown}
 o - 3 potions of might {unknown}
 u - a potion of brilliance {unknown}
 z - 2 potions of resistance {unknown}
 E - 2 potions of cancellation {unknown}
 F - 4 potions of ambrosia {unknown}
 N - 2 potions of haste {unknown}
 T - a potion of lignification {unknown}


   Skills:
 * Level 6.9 Fighting
 * Level 7.3 Short Blades
 * Level 6.0 Axes
 * Level 3.3 Ranged Weapons
 * Level 3.2 Throwing
 * Level 6.4 Armour
 * Level 4.8 Dodging
 * Level 4.6 Stealth
 * Level 4.2 Unarmed Combat
 * Level 2.6 Evocations
 * Level 2.1 Shapeshifting


You had 10 spell levels left.
You didn't know any spells.
Your spell library contained the following spells:

 Spells                   Type           Power      Damage    Failure   Level
 Foxfire                  Conj/Fire      0%         2x1d4     73%         1
 Magic Dart               Conj           0%         1d3       73%         1
 Shock                    Conj/Air       0%         1d3       73%         1
 Blink                    Tloc           0%         N/A       86%         2
 Call Imp                 Summ           0%         N/A       86%         2
 Swiftness                Air            0%         N/A       97%         3
 Airstrike                Air            0%         2d(0-16)  100%        4
 Cause Fear               Hex            0%         N/A       100%        4
 Fireball                 Conj/Fire      0%         3d3       100%        5
 Plasma Beam              Fire/Air       0%         2x1d10    100%        6
 Starburst                Conj/Fire      0%         6d3       100%        6
 Dragon's Call            Summ           0%         N/A       100%        9


Dungeon Overview and Level Annotations

Branches:
Dungeon (9/15)             Temple (0/1) D:5
   Lair: D:8-11         Orc: D:9-12

Altars:
Kikubaaqudgha
Okawaru
Trog
Yredelemnul

Shops:
D:4 *


Innate Abilities, Weirdness & Mutations

You have hoof-like feet.
You regenerate a little health from kills.
You sometimes gain power by taking damage.
You have a somewhat thin skeletal structure. (Dex +2, Stealth+)
Your skin changes colour to match your surroundings (Stealth+).
Your body sometimes deteriorates upon taking damage.
You expend magic power (3 MP) to strengthen your wands.


Message History

The red very ugly thing is moderately wounded.
The glowing orange brain pulsates.
Something gnaws on your mind!
You feel your power leaking away.
Your ogre hits itself with a +0 giant club!!
The red very ugly thing pecks you!
Your body deteriorates!
You feel clumsy.
You are engulfed in flames!
You resist.
Your body deteriorates!
You feel dopey.
As you read the scroll of fear, it crumbles to dust.
You assume a fearsome visage.
The wraith is unaffected.
The red very ugly thing resists with some effort.
The glowing orange brain resists with almost no effort.
Your ogre seems less confused.
The red very ugly thing pecks you.
You are engulfed in flames!
You resist.
* * * LOW HITPOINT WARNING * * *
Your ogre hits the glowing orange brain with a +0 giant club!
As you read the scroll labelled MINES PANA, it crumbles to dust.
You hear a loud clanging noise!
It was a scroll of noise.
You hear an angry buzzing noise.
You hear a howl!
You hear a shout!
You hear an angry buzzing noise. x2; You hear a shout! x4; You hear a bellow!
You hear a shout! x2; You hear an angry buzzing noise.
You hear a shout! x2
You hear a bark! x2; You hear a howl!
You hear a shout! x11
The glowing orange brain pulsates.
The red very ugly thing barely misses you.
Your ogre hits the glowing orange brain with a +0 giant club!!!
The glowing orange brain dies!
Trog accepts your kill.
The wraith dissolves into shadows!
The yak dissolves into shadows! x3
As you read the scroll labelled HOSCHO LIFEL, it crumbles to dust.
It is a scroll of brand weapon.
Your +0 battleaxe becomes incredibly heavy!
b - a +0 heavy battleaxe The red very ugly thing pecks you!
* * * LOW HITPOINT WARNING * * *
You focus on the pain.
You feel more agile all of a sudden.
You are engulfed in flames!
You resist.
You die...

...# .# #####. .#
.# ### #. .##### .#
..# #. ...... .#
#.###.#.... .###
.......... ..$
.#####.##### ##.##
.##..).....# ##.#.#
.#.##).....###.#@#
.#.#)##..).##.##u#
.#..#..###.#.##}O[
.)).#.#...#..#.[#:.
.#...#.###.#.##)
}##
.#...#.#..###.## ##
.#...#.#.# #.#
.#....#.# #.#
.#####.# #.#


You could see a red very ugly thing (extremely poisoned, ally target) and a
friendly ogre (summoned, berserk).

Vanquished Creatures
  2 two-headed ogres
  An ugly thing (D:8)
  A gargoyle (D:8)
  A komodo dragon (D:8)
  2 hornets
  Grinder (D:6)
  Sigmund (D:3)
  A slime creature (D:7)
  5 yaks (D:8)
  2 steam dragons
  Menkaure (D:5)
  3 water moccasins
  Duvessa (D:6)
  2 ice beasts (D:6)
  An orc warrior (D:8)
  2 black bears
  A sky beast (D:6)
  5 centaurs
  3 ogres
  A kobold brigand (D:6)
  Blork the orc (D:5)
  2 scorpions
  3 bullfrogs
  A necrophage (D:5)
  5 wights
  A burial acolyte (D:5)
  Dowan (D:6)
  11 killer bees (D:8)
  3 bombardier beetles
  A howler monkey (D:7)
  2 gnoll boudas
  6 hounds
  Crazy Yiuf (D:2)
  3 orc priests
  4 iguanas
  A jelly (D:6)
  A sleepcap (D:6)
  Terence (D:2)
  6 orc wizards
  A howler monkey zombie (D:5)
  12 gnolls
  13 adders
  4 shadow imps
  4 white imps
  2 ufetubi (D:7)
  3 dart slugs (D:3)
  A ribbon worm (D:3)
  19 orcs
  5 endoplasms
  2 giant cockroaches
  6 goblins
  11 hobgoblins
  2 quokkas (D:4)
  6 ball pythons
  6 bats
  5 frilled lizards
  12 kobolds
  3 rats
208 creatures vanquished.

Vanquished Creatures (collateral kills)
  A glowing orange brain (D:9)
1 creature vanquished.

Vanquished Creatures (others)
  A white imp (D:7)
1 creature vanquished.

Grand Total: 210 creatures vanquished

Notes
Turn   | Place    | Note
-------+----------+-------------------------------------------
     0 | D:1      | ezpacito the Demonspawn Berserker began the quest for the
                  | Orb.
     0 | D:1      | Reached XP level 1. HP: 18/18 MP: 1/1
   281 | D:1      | Gained mutation: You sometimes gain a little power by
                  | taking damage. [demonic ancestry]
   281 | D:1      | Reached XP level 2. HP: 16/24 MP: 2/2
   375 | D:1      | Found a faded altar of an unknown god.
   942 | D:2      | Gained mutation: You have large cloven feet. [demonic
                  | ancestry]
   942 | D:2      | Reached XP level 3. HP: 22/29 MP: 3/3
  1004 | D:2      | Noticed Terence
  1016 | D:2      | Killed Terence
  1341 | D:2      | Reached XP level 4. HP: 36/36 MP: 4/4
  1345 | D:2      | Reached ** piety under Trog
  1509 | D:2      | Identified the +5 short sword "Bole" {venom, rC+ rN+}
  1699 | D:2      | Found a runed translucent door.
  1700 | D:2      | Noticed Crazy Yiuf
  1706 | D:2      | Killed Crazy Yiuf
  1707 | D:2      | Reached skill level 1 in Stealth
  1707 | D:2      | Reached skill level 1 in Unarmed Combat
  1900 | D:3      | Noticed Sigmund
  1909 | D:3      | Killed Sigmund
  1910 | D:3      | Gained mutation: You have hoof-like feet. [demonic
                  | ancestry]
  1910 | D:3      | Reached XP level 5. HP: 31/42 MP: 5/5
  1910 | D:3      | Gained mutation: You sometimes gain power by taking damage.
                  | [demonic ancestry]
  1910 | D:3      | Reached XP level 6. HP: 36/48 MP: 6/6
  1969 | D:3      | Reached skill level 1 in Short Blades
  2247 | D:3      | Identified the orb "Hosugih" {light, Regen+ Int-5 Fire
                  | Earth}
  2618 | D:4      | Reached XP level 7. HP: 39/55 MP: 7/7
  2724 | D:4      | Found Bigar's Lightly-Used Armoury.
  2811 | D:4      | Reached skill level 2 in Short Blades
  2893 | D:4      | Noticed a hornet
  2896 | D:4      | Paralysed by a hornet for 1 turns
  2902 | D:4      | Killed a hornet
  2902 | D:4      | Reached *** piety under Trog
  3192 | D:4      | Found a bloodstained altar of Trog.
  3285 | D:5      | Entered Level 5 of the Dungeon
  3368 | D:5      | Noticed Blork the orc
  3378 | D:5      | Reached skill level 3 in Short Blades
  3512 | D:5      | Gained mutation: You regenerate a little health from kills.
                  | [demonic ancestry]
  3512 | D:5      | Reached XP level 8. HP: 49/61 MP: 8/8
  3571 | D:5      | Killed Blork the orc
  3762 | D:5      | Found a transporter.
  3783 | D:5      | Found a basalt altar of Yredelemnul.
  3785 | D:5      | Noticed Menkaure
  3786 | D:5      | Found an ancient bone altar of Kikubaaqudgha.
  3806 | D:5      | Found a transporter.
  3898 | D:5      | Found a staircase to the Ecumenical Temple.
  4138 | D:5      | Killed Menkaure
  4144 | D:5      | Reached skill level 1 in Ranged Weapons
  4146 | D:5      | Reached skill level 5 in Fighting
  4147 | D:5      | Reached skill level 1 in Throwing
  4151 | D:5      | Reached skill level 5 in Axes
  4160 | D:5      | Identified the ring of Past Mistakes {Fly rF+ Str+4 Int+2
                  | Stlth+}
  4252 | D:6      | Noticed Duvessa
  4252 | D:6      | Noticed Dowan
  4260 | D:6      | Killed Dowan
  4261 | D:6      | Killed Duvessa
  4262 | D:6      | Reached skill level 4 in Short Blades
  4548 | D:6      | Reached XP level 9. HP: 68/68 MP: 9/9
  4667 | D:6      | Reached skill level 5 in Armour
  4692 | D:6      | Reached **** piety under Trog
  4976 | D:6      | Reached skill level 5 in Short Blades
  5034 | D:6      | Noticed Grinder
  5039 | D:6      | Paralysed by Grinder for 4 turns
  5046 | D:6      | Killed Grinder
  5315 | D:7      | Found an iron altar of Okawaru.
  5873 | D:7      | Identified the ring of Qaitely {Wiz Slay+3 SInv}
  5972 | D:7      | Reached skill level 1 in Evocations
  5972 | D:7      | Reached skill level 1 in Shapeshifting
  6028 | D:7      | Reached XP level 10. HP: 43/76 MP: 10/10
  6244 | D:8      | Reached skill level 6 in Short Blades
  6370 | D:8      | Noticed a gargoyle
  6376 | D:8      | Killed a gargoyle
  6414 | D:8      | Noticed a red ugly thing
  6429 | D:8      | Killed a red ugly thing
  6830 | D:8      | Noticed a two-headed ogre
  6841 | D:8      | Killed a two-headed ogre
  6978 | D:8      | Reached skill level 7 in Short Blades
  7300 | D:9      | Noticed a two-headed ogre
  7305 | D:9      | Killed a two-headed ogre
  7306 | D:9      | Reached XP level 11. HP: 83/83 MP: 11/11
  7336 | D:9      | Reached ***** piety under Trog
  7348 | D:9      | Noticed a glowing orange brain
  7349 | D:9      | Noticed a red very ugly thing
  7358 | D:9      | Gained mutation: You expend magic power (3 MP) to
                  | strengthen your wands. [potion of mutation]
  7358 | D:9      | Gained mutation: Your body sometimes deteriorates upon
                  | taking damage. [potion of mutation]
  7358 | D:9      | Gained mutation: Your skin changes colour to match your
                  | surroundings (Stealth+). [potion of mutation]
  7358 | D:9      | Gained mutation: You have a somewhat thin skeletal
                  | structure. (Dex +2, Stealth+) [potion of mutation]
  7364 | D:9      | Killed a glowing orange brain
  7365 | D:9      | HP: 3/83 [red very ugly thing (16)]
  7365 | D:9      | Mangled by a red very ugly thing

Illustrated notes

Levels and vault maps discovered:
D:1:      erik_arrival_triangle_small, layout_rooms,
          hellmonk_ecumenical_altar_blasted, minmay_small_reverse_x
D:2:      layout_basic, guppyfry_early_orc_mine, uniq_crazy_yiuf_cottage,
          uniq_terence
D:3:      layout_loops_ring, serial_bayou_crossing, uniq_sigmund
D:4:      layout_rooms, lightli_temple_of_fire, minmay_shop_damaged
D:5:      layout_rooms, gammafunk_temple_of_torment, temple_statues,
          nrook_uturn, hangedman_decor_clover_reticule,
          nicolae_elevator_lobby_plus, uniq_blork_the_orc, uniq_menkaure
D:6:      layout_basic, serial_demonic, serial_demonic_d, serial_demonic_e,
          serial_demonic_a, serial_demonic_c, serial_demonic_c, uniq_grinder,
          uniq_duvessa
D:7:      minmay_clustersquares, layout_basic,
          mainiacjoe_overflow_concentric_impassable
D:8:      layout_basic, eino_small_chamber_without_monster,
          minmay_shattered_shrine
D:9:      minmay_the_grid_3x2 [minmay_the_grid_aliased_spiral,
          minmay_the_grid_garden, minmay_the_grid_small_cups,
          minmay_the_grid_broken_lines, minmay_the_grid_expand,
          minmay_the_grid_prize_diamond_cup], layout_basic, lemuel_round_altar,
          erik_lair_island, minmay_orc_entry_temple_small, minmay_shop_mass

Skill      XL: |  1  2  3  4  5  6  7  8  9 10 11 |
---------------+----------------------------------+-----
Dodging        | 2 3 4 |  4.8
Armour         | 2 3 4 5 6 |  6.4
Axes           | 3 4 5 6 |  6.0
Stealth        | 1 2 3 4 |  4.6
Unarmed Combat | 1 2 3 4 |  4.2
Fighting       | 4 5 6 |  6.9
Short Blades   | 1 3 4 5 7 |  7.3
Ranged Weapons | 1 2 3 |  3.3
Throwing       | 1 2 3 |  3.2
Evocations     | 1 2 |  2.6
Shapeshifting  | 1 2 |  2.1

Action                     |  1- 3 |  4- 6 |  7- 9 | 10-12 || total
---------------------------+-------+-------+-------+-------++-------
  Melee: Hand axe          |    77 |    20 |       |       ||    97
         Punch             |     2 |     1 |     4 |       ||     7
         Kick              |     2 |    20 |   121 |    75 ||   218
         Short sword       |       |    62 |   281 |   146 ||   489
 Invoke: Berserk           |     1 |     2 |     4 |     4 ||    11
         Brothers in Arms  |       |       |       |     1 ||     1
    Use: Scroll            |       |       |    10 |     4 ||    14
         Potion            |       |       |       |     4 ||     4
   Stab: Sleeping          |     1 |       |     1 |       ||     2
 Armour: Animal skin       |    22 |       |       |       ||    22
         Ring mail         |    16 |     2 |   158 |    87 ||   263
         Chain mail        |     2 |    59 |       |       ||    61
  Dodge: Dodged            |    53 |    36 |   149 |    79 ||   317
